 Dungeon Crawl Stone Soup version 0.30-a0-879-ga8ba668304 (webtiles) character file.

Game seed: 5013054371532319012

66817 Lavandula the Zephyrmancer (level 15, -1/110 HPs)
             Began as a Human Air Elementalist on Mar 14, 2023.
             Was an Elder of Vehumet.
             Killed from afar by Aizul (25 damage)
             ... with a poison arrow
             ... on level 1 of the Shoals.
             The game lasted 00:55:30 (27397 turns).

Lavandula the Zephyrmancer (HuAE)                  Turns: 27397, Time: 00:55:31

Health: -1/110     AC: 11    Str: 13    XL:     15   Next: 63%
Magic:  13/28      EV: 14    Int: 22    God:    Vehumet [****..]
Gold:   463        SH:  5    Dex: 12    Spells: 17/32 levels left

rFire   + + .      SeeInvis .    Y - +0 staff of Battle
rCold   + + .      Faith    .    K - +2 buckler
rNeg    . . .      Spirit   .    M - +2 robe {Archmagi}
rPois   .          Reflect  .    W - +1 hat
rElec   .          Rampage  .    L - scarf {rC+ rF+}
rCorr   .          Archmagi +    x - +2 pair of gloves
Will    +....                    A - +2 pair of boots
Stlth   +++++                    j - amulet of regeneration
HPRegen 1.18/turn                c - ring of protection from cold
MPRegen 0.21/turn                G - ring of protection from fire

@: lethally poisoned (-1 -> -19), swift, marked, hasted, very quick
A: strong 1
a: Renounce Religion


You were on level 1 of the Shoals.
You worshipped Vehumet.
Vehumet was greatly pleased with you.
You visited 6 branches of the dungeon, and saw 22 of its levels.
You also visited: Sewer and Ice Cave.

You collected 1423 gold pieces.
You spent 960 gold pieces at shops.

Inventory:

Hand Weapons
 Y - the +0 staff of Battle (weapon)
   (You bought it in a shop on level 2 of the Dungeon)

   It enhances your conjuration magic.
   It summons a battlesphere in combat, with strength depending on Conjurations
   skill.
   Its strikes trigger the battlesphere's blasts.
Missiles
 y - a throwing net
Armour
 x - a +2 pair of gloves (worn)
 A - a +2 pair of boots (worn)
 I - a +1 robe of willpower
 K - a +2 buckler (worn)
 L - a scarf of resistance (worn)
 M - a +2 robe of the Archmagi (worn)
 W - a +1 hat (worn)
Jewellery
 c - a ring of protection from cold (left hand)
 j - an amulet of regeneration (around neck)
 k - a +5 ring of evasion
 u - an amulet of the acrobat
 z - a ring of protection from fire
 D - a ring of see invisible
 G - a ring of protection from fire (right hand)
 H - a ring of fire
 T - a ring of wizardry
 V - a ring of wizardry
Wands
 a - a wand of mindburst (3)
 m - a wand of polymorph (4)
 n - a wand of flame (43)
 N - a wand of roots (10)
 O - a wand of acid (2)
 Q - a wand of paralysis (1)
Scrolls
 e - a scroll of fog
 f - 4 scrolls of vulnerability
 h - 6 scrolls of teleportation
 p - 3 scrolls of amnesia
 r - 4 scrolls of fear
 t - 4 scrolls of poison
 E - 5 scrolls of magic mapping
 R - a scroll of silence
 X - 2 scrolls of enchant weapon
Potions
 b - 2 potions of magic
 g - 5 potions of flight
 i - 3 potions of invisibility
 l - 6 potions of curing
 o - 4 potions of lignification {unknown}
 q - 3 potions of might
 s - 5 potions of attraction {unknown}
 v - a potion of berserk rage {unknown}
 w - 5 potions of mutation
 B - a potion of cancellation {unknown}
 F - 5 potions of brilliance
 J - 4 potions of degeneration {unknown}
 P - 3 potions of haste
Miscellaneous
 d - a phial of floods (inert)
 C - a lightning rod (4/4)
 S - a tin of tremorstones (1/2)


   Skills:
 - Level 8.0 Fighting
 - Level 9.3 Short Blades
 - Level 1.5 Armour
 - Level 7.9 Dodging
 - Level 11.3 Stealth
 - Level 9.4 Spellcasting
 + Level 10.7 Conjurations
 - Level 12.0 Air Magic
 - Level 8.4 Evocations


You had 17 spell levels left.
You knew the following spells:

 Your Spells              Type           Power      Damage    Failure   Level
a - Shock                 Conj/Air       100%       1d9       1%          1
b - Static Discharge      Conj/Air       100%       2-7/arc   1%          2
c - Airstrike             Air            38%        2d(6-22)  1%          4
d - Swiftness             Air            76%        N/A       1%          3
e - Arcjolt               Conj/Air       47%        1d57      1%          5

Your spell library contained the following spells:

 Spells                   Type           Power      Damage    Failure   Level
 Magic Dart               Conj           100%       1d8       1%          1
 Poisonous Vapours        Pois/Air       100%       N/A       1%          2
 Mephitic Cloud           Conj/Pois/Air  78%        N/A       1%          3
 Fulminant Prism          Conj/Hex       33%        3d16      2%          4
 Sting                    Tmut/Pois      60%        1d6       9%          1
 Call Imp                 Summ           15%        N/A       13%         2
 Silence                  Hex/Air        26%        N/A       21%         5
 Olgreb's Toxic Radiance  Pois           15%        N/A       22%         4
 Orb of Destruction       Conj           46%        9d12      22%         7
 Ozocubu's Armour         Ice            15%        N/A       26%         3
 Summon Guardian Golem    Hex/Summ       15%        N/A       26%         3
 Animate Dead             Necr           15%        N/A       65%         4
 Passage of Golubria      Tloc           15%        N/A       65%         4
 Spellforged Servitor     Conj/Summ      33%        N/A       86%         7
 Borgnjor's Vile Clutch   Necr/Erth      7%         N/A       94%         5
 Summon Forest            Summ/Tloc      7%         N/A       94%         5
 Summon Mana Viper        Hex/Summ       15%        N/A       94%         5
 Eringya's Noxious Bog    Tmut/Pois      7%         N/A       95%         6
 Death Channel            Necr           7%         N/A       100%        6
 Enfeeble                 Hex            7%         N/A       100%        7
 Ozocubu's Refrigeration  Ice            7%         4d9       100%        7
 Summon Hydra             Summ           7%         N/A       100%        7
 Lehudib's Crystal Spear  Conj/Erth      33%        10d9      100%        8


Dungeon Overview and Level Annotations

Branches:
Dungeon (13/15)            Temple (1/1) D:6            Lair (5/5) D:9
 Shoals (1/4) Lair:3       Spider (0/4) Lair:3        Slime (1/5) Lair:4
    Orc (1/2) D:10          Sewer (visited)           IceCv (visited)
 Vaults: D:13-14

Altars:
Cheibriados
Dithmenos
Elyvilon
Fedhas
Gozag
Hepliaklqana
Kikubaaqudgha
Makhleb
Nemelex Xobeh
Okawaru
Ru
Uskayaw
Vehumet
Wu Jian
Xom
Yredelemnul
Zin
The Shining One
Jiyva

Shops:
D:2 (:

Portals:
Trove: D:10 (give 12 potions of heal wounds)

Annotations:
D:2 1 runed translucent door, Crazy Yiuf
D:7 3 runed translucent doors, FlurksSlurper's ghost, novice DsGl
D:10 1 runed translucent door
D:11 1 runed translucent door, zammaz's ghost, journeyman DrTm
Shoals:1 Aizul


Innate Abilities, Weirdness & Mutations

Your muscles are strong. (Str +4, Int/Dex -1)


Message History

Casting: Static Discharge (safe; 1% risk of failure)
Confirm with . or Enter, or press ? or * to list all spells.
You feel a surge of power!
You feel quick. The skyshark bites you.
The skyshark tastes blood and grows stronger!
The skyshark tail-slaps you but does no damage.
The skyshark tail-slaps you.
Unknown command.
Unknown command.
Unknown command.
Unknown command.
Unknown command.
Unknown command.
Unknown command.
Unknown command.
Unknown command.
You enter the shallow water.
Moving in this stuff is going to be slow.
Unknown command.
Aizul the Neglectful Guardian comes into view.
Unknown command.
Unknown command.
Aizul casts a spell at you. The poison arrow hits you!!!
You are poisoned.
You feel very sick.
Unknown command.
You feel very sick.
A wind drake comes into view.
You feel very sick. Aizul casts a spell at you.
You fall asleep.
A skyshark comes into view.
You feel very sick. The wind drake flaps its wings at you.
The air twists around and strikes you!
You wake up.
* * * LOW HITPOINT WARNING * * *
Aizul coils herself and waves her upper body at you.
The poison arrow hits you!!
You are more poisoned.
You die...

........~≈≈~~~...# ##........
.....~~~≈≈~~~~~..## #.........
..~~~~.~~≈~~~~....# #.#.......
.~≈≈...~~~~~~~~...# ##.#.......
~≈≈...~~~~~~~.....# #..........
~≈~~~..~~~~....~~.####...~~~~~...
~≈≈~~...........~~........~~~~...
≈≈~~~~....)###...~~~......≈≈~~...
~~~~~~~....# ###@.~~≈~~...~~~~...
~~.......### #*.~~~~....~~~....
~~~~~~...#######.......~~~≈~.....
~~~~~~..###..........~≈≈≈≈≈~.....
~~~~~~<.........l..~~≈l≈≈≈≈~.....
~~~~....~....[.....~~≈≈≈≈≈≈≈~~...
~~~.>..~~~~~~.~~....S≈≈≈..≈≈~..~~
~~.......~~~~~~~k~...~≈k..≈≈~...~
....##....~~~~~~~..##..~.......~~


You could see Aizul, 2 skysharks, 2 wind drakes and a friendly battlesphere.

Vanquished Creatures
  Nikola (Shoals:1)
  Kirke (D:12)
  A frost giant (IceCv)
  Josephine (Lair:5)
  4 hydras
  A two-headed ogre (D:9)
  7 death yaks (IceCv)
  Sonja (D:11)
  A skeletal warrior (D:13)
  A skyshark (Lair:2)
  A sea snake (Shoals:1)
  8 harpies (Shoals:1)
  2 ugly things (D:12)
  A wolf spider (Lair:5)
  An orc sorcerer (D:10)
  4 manticores
  An ice statue (IceCv)
  Maurice (D:12)
  13 cane toads
  2 black mambas (Lair:5)
  3 water nymphs (Shoals:1)
  Joseph (Lair:1)
  A gargoyle (D:13)
  Psyche (D:10)
  7 rime drakes
  8 komodo dragons
  2 merfolk (Shoals:1)
  10 polar bears
  4 trolls
  6 hornets
  A wind drake (Shoals:1)
  25 blink frogs
  7 dream sheep (Lair:3)
  3 culicivoras (Lair:3)
  12 spriggans (Lair:5)
  A water elemental (Shoals:1)
  6 wraiths
  2 wyverns
  7 slime creatures
  2 shadows
  3 basilisks
  50 yaks
  3 jumping spiders (Lair:3)
  3 hogs (D:12)
  A redback (Lair:3)
  7 water moccasins
  An acid dragon (D:12)
  8 orc warriors
  2 ice beasts (D:8)
  2 sky beasts (D:7)
  5 boggarts (Lair:5)
  4 black bears
  46 wolves
  2 phantoms (D:7)
  13 centaurs
  A kobold brigand (Sewer)
  8 bullfrogs
  3 scorpions
  9 wights (D:8)
  11 killer bees
  8 howler monkeys
  An electric eel (D:10)
  6 hounds
  4 orc priests
  A gnoll bouda (D:8)
  Terence (D:2)
  6 iguanas
  6 orc wizards
  3 gnolls (D:8)
  2 river rats
  15 adders
  13 white imps
  4 worms
  3 dart slugs
  30 orcs
  12 ball pythons
  6 endoplasms
  2 giant cockroaches
  6 goblins
  10 hobgoblins
  13 kobolds
  2 quokkas
  4 bats
  2 frilled lizards
  6 rats
510 creatures vanquished.

Vanquished Creatures (collateral kills)
  2 death yaks (IceCv)
  A slime creature (Slime:1)
  A yak (IceCv)
4 creatures vanquished.

Vanquished Creatures (others)
  An orc (Orc:1)
  26 fungi
  44 plants
  4 tentacles (Shoals:1)
75 creatures vanquished.

Grand Total: 589 creatures vanquished

Notes
Turn   | Place    | Note
-------+----------+-------------------------------------------
     0 | D:1      | Lavandula the Human Air Elementalist began the quest for
                  | the Orb.
     0 | D:1      | Reached XP level 1. HP: 13/13 MP: 3/3
   145 | D:1      | Reached XP level 2. HP: 19/19 MP: 0/5
   609 | D:1      | Reached XP level 3. HP: 24/24 MP: 1/6
   823 | D:1      | Reached skill level 4 in Air Magic
  1151 | D:2      | Learned a level 2 spell: Static Discharge
  1413 | D:2      | Noticed Terence
  1466 | D:3      | Reached XP level 4. HP: 30/30 MP: 4/7
  1583 | D:3      | Learned a level 4 spell: Airstrike
  1655 | D:3      | Found an ancient bone altar of Kikubaaqudgha.
  1719 | D:3      | Found a faded altar of an unknown god.
  1838 | D:3      | Noticed a +0 short sword
  1838 | D:3      | Noticed a +0 falchion
  1839 | D:3      | Noticed a +0 dagger
  1840 | D:3      | Noticed a +0 falchion
  1841 | D:3      | Noticed a +0 dagger
  1842 | D:3      | Noticed a +0 spear
  1842 | D:3      | Noticed a +0 short sword
  1844 | D:3      | Noticed a +0 spear
  1972 | D:3      | Found a sparkling altar of Nemelex Xobeh.
  2099 | D:3      | Found a hide-covered altar of Uskayaw.
  2230 | D:2      | Found Diahokh's Weapon Emporium.
  2324 | D:2      | Identified the +1 robe of the Cockatrice {-Cast rC+ Str+3}
  2399 | D:2      | Killed Terence
  2400 | D:2      | Reached skill level 5 in Air Magic
  2400 | D:2      | Reached XP level 5. HP: 35/35 MP: 1/8
  2587 | D:2      | Found Aruudwu's Book Shop.
  2747 | D:2      | Found a runed translucent door.
  2748 | D:2      | Noticed Crazy Yiuf
  3227 | D:4      | Reached skill level 6 in Air Magic
  3227 | D:4      | Reached XP level 6. HP: 39/41 MP: 7/9
  4820 | D:5      | Entered Level 5 of the Dungeon
  4871 | D:5      | You fall into a shaft and drop 1 floor!
  4908 | D:5      | Reached skill level 7 in Air Magic
  4914 | D:5      | Found a glowing drain.
  4919 | Sewer    | Entered a sewer
  5250 | Sewer    | Reached XP level 7. HP: 19/46 MP: 3/10
  5956 | D:5      | Reached skill level 8 in Air Magic
  6715 | D:6      | Reached XP level 8. HP: 52/52 MP: 5/11
  6719 | D:6      | Learned a level 3 spell: Swiftness
  6786 | D:6      | Found a staircase to the Ecumenical Temple.
  6876 | Temple   | Entered the Ecumenical Temple
  7004 | Temple   | Became a worshipper of Vehumet
  7754 | D:7      | Reached skill level 5 in Spellcasting
  7872 | D:7      | Found a blossoming altar of Fedhas.
  7974 | D:7      | Noticed FlurksSlurper's ghost (novice DsGl)
  8001 | D:7      | Noticed a vampire
  8256 | D:7      | Reached XP level 9. HP: 57/57 MP: 10/18
  8326 | D:7      | Found a shadowy altar of Dithmenos.
  8459 | D:7      | Found a runed translucent gate.
  8459 | D:7      | Found a runed translucent gate.
  8459 | D:7      | Found a runed translucent gate.
  9241 | D:8      | Reached skill level 1 in Fighting
  9385 | D:8      | Reached * piety under Vehumet
  9385 | D:8      | Offered knowledge of Kiss of Death by Vehumet.
  9782 | D:8      | Reached skill level 5 in Fighting
  9952 | D:8      | Found a sacrificial altar of Ru.
  9978 | D:9      | Noticed a two-headed ogre
  9983 | D:8      | Reached XP level 10. HP: 53/76 MP: 12/21
 10685 | D:9      | Reached skill level 1 in Armour
 10761 | D:9      | Killed a two-headed ogre
 11066 | D:9      | Reached skill level 5 in Evocations
 11204 | D:9      | Found a burning altar of Makhleb.
 11214 | D:9      | Found a hazy altar of Hepliaklqana.
 11278 | D:9      | Found a glowing golden altar of the Shining One.
 11563 | D:9      | Found a staircase to the Lair.
 11688 | D:10     | Entered Level 10 of the Dungeon
 11701 | D:10     | Reached XP level 11. HP: 86/86 MP: 13/22
 11820 | D:10     | Noticed Psyche
 11822 | D:10     | Killed Psyche
 11980 | D:10     | Found an ornate altar of the Wu Jian Council.
 12371 | D:10     | Found a runed translucent door.
 12376 | D:10     | Found a basalt altar of Yredelemnul.
 12488 | D:10     | Got the Catalogue of Hexing Conflict
 12658 | D:10     | Found a staircase to the Orcish Mines.
 12660 | D:10     | Found a portal to a secret trove of treasure.
 12713 | D:10     | Reached ** piety under Vehumet
 13048 | Lair:1   | Entered Level 1 of the Lair of Beasts
 13197 | Lair:1   | Offered knowledge of Foxfire by Vehumet.
 13435 | Lair:1   | Reached skill level 5 in Dodging
 14072 | Lair:1   | Noticed Joseph
 14086 | Lair:1   | Killed Joseph
 14105 | Lair:1   | Reached XP level 12. HP: 89/92 MP: 9/23
 14171 | Lair:1   | Reached skill level 9 in Air Magic
 14892 | Lair:2   | Reached skill level 10 in Air Magic
 15207 | Lair:2   | Noticed a skyshark
 15250 | Lair:2   | Offered knowledge of Hailstorm by Vehumet.
 15252 | Lair:2   | Reached skill level 11 in Air Magic
 15649 | Lair:2   | Killed a skyshark
 16298 | Lair:3   | Found a hole to the Spider Nest.
 16595 | Lair:3   | Reached *** piety under Vehumet
 16758 | Lair:3   | Found a staircase to the Shoals.
 16816 | Lair:3   | Reached skill level 5 in Short Blades
 17381 | Lair:3   | Reached XP level 13. HP: 71/98 MP: 9/24
 17787 | Lair:4   | Noticed a seven-headed hydra
 17791 | Lair:4   | Killed a seven-headed hydra
 18494 | Lair:4   | Found a staircase to the Slime Pits.
 18893 | Lair:5   | Entered Level 5 of the Lair of Beasts
 19062 | Orc:1    | Entered Level 1 of the Orcish Mines
 19402 | Orc:1    | Offered knowledge of Iskenderun's Mystic Blast by Vehumet.
 19409 | Orc:1    | Noticed an orc warlord
 19526 | Orc:1    | Paralysed by an orc sorcerer for 5 turns
 19634 | D:11     | Noticed Sonja
 19637 | D:11     | Killed Sonja
 19819 | D:11     | Noticed zammaz's ghost (journeyman DrTm)
 19900 | D:11     | Paralysed by a hornet for 3 turns
 20420 | D:11     | Found a runed translucent door.
 20916 | D:12     | Reached **** piety under Vehumet
 20939 | D:12     | Noticed Kirke
 21355 | D:12     | Offered knowledge of Sticky Flame by Vehumet.
 21361 | D:12     | Killed Kirke
 21362 | D:12     | Reached skill level 5 in Stealth
 21832 | D:12     | Noticed Maurice
 21835 | D:12     | Killed Maurice
 21976 | D:13     | Found a frozen archway.
 22004 | IceCv    | Entered an ice cave
 22103 | IceCv    | Reached XP level 14. HP: 53/105 MP: 22/27
 23214 | IceCv    | Reached skill level 10 in Stealth
 23300 | IceCv    | Noticed a frost giant
 23302 | IceCv    | Reached ***** piety under Vehumet
 23302 | IceCv    | Offered knowledge of Arcjolt by Vehumet.
 23304 | IceCv    | Killed a frost giant
 24004 | D:2      | Bought the +0 staff of Battle for 960 gold pieces
 24004 | D:2      | Found the +0 staff of Battle
 24335 | Slime:1  | Entered Level 1 of the Pits of Slime
 24335 | Slime:1  | Noticed an acid blob
 24336 | Slime:1  | wtf
 24339 | Slime:1  | Noticed an acid blob
 24341 | Slime:1  | Noticed an acid blob
 24348 | Slime:1  | Gained mutation: Your muscles are strong. (Str +4, Int/Dex
                  | -1) [potion of mutation]
 24362 | Slime:1  | Noticed a quicksilver ooze
 24425 | Lair:5   | Reached skill level 12 in Air Magic
 25101 | Lair:5   | Noticed Josephine
 25109 | Lair:5   | Killed Josephine
 25113 | Lair:5   | Reached skill level 5 in Conjurations
 25224 | Lair:5   | Reached XP level 15. HP: 110/110 MP: 11/28
 25399 | Lair:5   | Learned a level 5 spell: Arcjolt
 25538 | Lair:5   | Offered knowledge of Eringya's Noxious Bog by Vehumet.
 26476 | Shoals:1 | Entered Level 1 of the Shoals
 26870 | Shoals:1 | Noticed Nikola
 26882 | Shoals:1 | Killed Nikola
 26883 | Shoals:1 | Reached skill level 10 in Conjurations
 27276 | Shoals:1 | Noticed a kraken
 27390 | Shoals:1 | Noticed Aizul
 27397 | Shoals:1 | Killed from afar by Aizul

Illustrated notes

###### #.#..
# #
......#.#
#.#.... .
##...#.....
##.#...#....
#.*.......JJ
#@.......
#........
....#....
##..#.##..
....... ^
#.......
##... .#.
......


Turn 24336 on Slime:1: wtf

Levels and vault maps discovered:
D:1:      minmay_arrival_solitary_statue, layout_loops_ring
D:2:      layout_rooms, serial_shops, shop, nicolae_diamond_shop, uniq_terence,
          uniq_crazy_yiuf_cottage
D:3:      layout_loops_cross, mainiacjoe_overflow_surrounded_room,
          nicolae_uskayaw_en_pointe, mainiacjoe_overflow_chevrons,
          basic_ecumenical_altar
D:4:      minmay_spotlight, layout_layer_cave
D:5:      layout_basic, gup_sewer_entry_bowl
D:6:      layout_cave_pools, temple_doors_e, grunt_ministairs_13,
          kennysheep_flooded_box, st_stairs_10
D:7:      layout_basic, mainiacjoe_overflow_alcove_4,
          mainiacjoe_overflow_alcove_2, gammafunk_ghost_split,
          serial_bayou_pond_d
D:8:      layout_basic, nicolae_ru_awakened_eye
D:9:      layout_cave_pools, mainiacjoe_overflow_cross_hatched,
          nicolae_overflow_hidden_temple, mainiacjoe_overflow_paths,
          grunt_lair_entry_orc_guard_hut
D:10:     cheibrodos_helix_gallery, layout_irregular_city,
          dk_yredelemnul_ordeal, nzn_wu_jian_contemplation, orc_0_dummy,
          enter_trove_0, uniq_psyche
D:11:     layout_cave_pools, hellmonk_ghost_happy_afterlife, uniq_sonja
D:12:     layout_basic, uniq_kirke, uniq_maurice
D:13:     layout_long_grid, serial_shops, nicolae_shop_bloodbath_and_beyond,
          portal_ice_cave_entry_imps
Temple:   pf_slime_end_temple
Lair:1:   layout_chaotic_city, grunt_megastairs_3, uniq_joseph
Lair:2:   layout_regular_city
Lair:3:   layout_long_grid, minmay_shoals_entry_centaurs,
          nicolae_spider_entry_tight_spaces
Lair:4:   layout_cave_pods, slime_entry_1
Lair:5:   minmay_lair_end_enchanted_forest, layout_gridlike,
          nicolae_lair_run_with_the_wolves, grunt_megastairs_2, uniq_josephine
Shoals:1: layout_shoals, nicolae_shoals_circle_sea_wall, uniq_frances,
          uniq_nikola, uniq_aizul
Slime:1:  layout_caves
Orc:1:    layout_caves

Skill      XL: |  1  2  3  4  5  6  7  8  9 10 11 12 13 14 15 |
---------------+----------------------------------------------+-----
Air Magic      | 4 5 6 7 8 11 12 | 12.0
Spellcasting   | 6 7 9 |  9.4
Fighting       | 5 8 |  8.0
Armour         | 1 |  1.5
Evocations     | 6 8 |  8.4
Dodging        | 7 |  7.9
Short Blades   | 6 9 |  9.3
Stealth        | 7 11 | 11.3
Conjurations   | 5 10 | 10.7

Action                     |  1- 3 |  4- 6 |  7- 9 | 10-12 | 13-15 || total
---------------------------+-------+-------+-------+-------+-------++-------
  Melee: Dagger            |     1 |    28 |    19 |     6 |       ||    54
         Short sword       |       |       |     1 |    70 |    40 ||   111
         Staff             |       |       |       |       |     2 ||     2
   Cast: Shock             |    66 |   158 |    63 |    12 |   226 ||   525
         Static Discharge  |     2 |       |    20 |    69 |   141 ||   232
         Airstrike         |       |     2 |    51 |   168 |   232 ||   453
         Swiftness         |       |       |       |       |     2 ||     2
         Arcjolt           |       |       |       |       |     1 ||     1
  Evoke: Lightning rod     |       |       |       |     5 |     5 ||    10
         Tin of tremorston |       |       |       |     1 |     6 ||     7
         Wand              |       |       |       |     1 |     8 ||     9
         Phial of floods   |       |       |       |       |     1 ||     1
    Use: Scroll            |       |     6 |     5 |     8 |    15 ||    34
         Potion            |       |     2 |       |       |    13 ||    15
   Stab: Sleeping          |       |       |       |     1 |     2 ||     3
         Paralysed         |       |       |       |    16 |     3 ||    19
 Armour: Robe              |     3 |     5 |    23 |    62 |    84 ||   177
  Dodge: Dodged            |     5 |    38 |    32 |    98 |   167 ||   340
  Block: Buckler           |       |       |     7 |    42 |    30 ||    79

Table legend: (Time is in decaauts)
 A = Elapsed time spent in this place.
 B = Non-inter-level travel time spent in this place.
 C = Inter-level travel time spent in this place.
 D = Time resting spent in this place.
 E = Time spent auto-exploring this place.
 F = Levels seen in this place.
 G = Mean time per level.
                   A        B        C        D        E       F      G
               +--------+--------+--------+--------+--------+-----+--------+
         Total |  27485 |  26202 |   1283 |   6731 |  15788 |  24 | 1145.2 |
       Dungeon |  15579 |  14722 |    857 |   3144 |   9638 |  13 | 1198.4 |
        Temple |    141 |    129 |     12 |      0 |    112 |   1 |  141.0 |
          Lair |   8257 |   7845 |    412 |   2243 |   4714 |   5 | 1651.4 |
        Shoals |    923 |    923 |      0 |    424 |    342 |   1 |  923.0 |
    Slime Pits |     35 |     35 |      0 |      0 |      0 |   1 |   35.0 |
  Orcish Mines |    234 |    234 |      0 |    161 |     11 |   1 |  234.0 |
         Sewer |    736 |    736 |      0 |     83 |    537 |   1 |  736.0 |
      Ice Cave |   1577 |   1577 |      0 |    676 |    433 |   1 | 1577.0 |
               +--------+--------+--------+--------+--------+-----+--------+

Top non-repeatable levels by time:
  Lair:5: 2060 daAuts
     D:4: 1829 daAuts
  Lair:3: 1690 daAuts
    D:10: 1687 daAuts
  Lair:1: 1615 daAuts
   IceCv: 1577 daAuts
     D:9: 1568 daAuts
  Lair:2: 1450 daAuts
  Lair:4: 1440 daAuts
     D:8: 1430 daAuts
     D:7: 1276 daAuts
    D:11: 1253 daAuts
     D:1: 1219 daAuts
     D:6: 1132 daAuts
    D:12: 1107 daAuts
